 Dungeon Crawl Stone Soup version 0.19-a0-994-g3c636f0 (webtiles) character file.

106 Goblin1989 the Sneak (level 4, 0/23 HPs)
             Began as a Vine Stalker Assassin on July 16, 2016.
             Succumbed to a worker ant's poison
             ... on level 3 of the Dungeon.
             The game lasted 00:02:33 (1500 turns).

Goblin1989 the Sneak (Vine Stalker Assassin)        Turns: 1500, Time: 00:02:34

Health: 0/23       AC:  6    Str: 12 (14) XL:     4   Next: 84%
Magic:  1/5        EV: 10    Int:  9 (11) God:
Gold:   113        SH:  0    Dex: 14 (16) Spells: 0 memorised, 3 levels left

rFire  . . .     SeeInvis .     a - +2 dagger
rCold  . . .     Gourm    .     n - +0 ring mail
rNeg   . . .     Faith    .     (no shield)
rPois  .         Spirit   +     (no helmet)
rElec  .         Dismiss  .     d - +0 cloak
rCorr  .         Reflect  .     (no gloves)
SustAt .         Harm     .     (no boots)
MR     .....                    (no amulet)
Stlth  +++.......               (no ring)
                                (no ring)

@: lethally poisoned (0 -> -3), very slightly contaminated, hasted, very quick,
not resistant to hostile enchantments, fairly stealthy
A: fangs 2, regeneration 1, magic shield, antimagic bite, no device heal 3, rot
immunity
a: no special abilities


You were on level 3 of the Dungeon.
You were hungry.

You visited 1 branch of the dungeon, and saw 3 of its levels.

You collected 113 gold pieces.

Inventory:

Hand Weapons
 a - a +2 dagger (weapon)
 b - a +0 blowgun
Missiles
 e - 8 poisoned needles
 f - 2 curare-tipped needles
Armour
 d - a +0 cloak (worn)
 n - a +0 ring mail (worn)
Wands
 q - a wand of acid (6/15)
Scrolls
 c - a scroll of fog {unknown}
 i - a scroll of noise {unknown}
 m - a scroll of fear {unknown}
 o - 2 scrolls of identify {unknown}
 p - a scroll of teleportation {unknown}
 r - a scroll of remove curse {unknown}
Comestibles
 g - 4 bread rations
 l - a slice of pizza


   Skills:
 - Level 1.7 Fighting
 * Level 3.6 Short Blades
 - Level 1.7 Throwing
 - Level 0.7 Dodging
 + Level 6.0 Stealth


You had 3 spell levels left.
You didn't know any spells.

Dungeon Overview and Level Annotations

Branches:
Dungeon (3/15)

Altars:
Kikubaaqudgha


Innate Abilities, Weirdness & Mutations

You have extremely sharp teeth.
Your natural rate of healing is unusually fast.
When hurt, damage is shared between your health and your magic reserves.
Your bite disrupts and absorbs the magic of your enemies.
Potions and wands cannot restore your health.
You are immune to rotting.


Message History

MP restored: 5 It was a potion of haste.
You feel yourself speed up.
* * * LOW HITPOINT WARNING * * *
You feel sick.
The worker ant bites you but does no damage.
You are very lightly contaminated with residual magic.
You take 1 damage, and have 2/23 hp.
You closely miss the worker ant.
The worker ant bites you but does no damage.
You barely miss the worker ant.
You bite the worker ant, but do no damage.
* * * LOW HITPOINT WARNING * * *
You feel sick.
You hit the worker ant but do no damage.
The worker ant bites you.
* * * LOW HITPOINT WARNING * * *
You take 1 damage, and have 1/23 hp.
You now have 1/5 mp.
You completely miss the worker ant. The worker ant misses you.
You hit the worker ant but do no damage.
You die...

#.. ##.....##
#..## ##...## [..#
##'## #..# #.#
####..#### #.#
#.#........# ##.##
#......r##.#
##...##
###.###a##.#
#.....# #
#@##.######...####
#........###......
####.###......####
#.######.#
#####.##
#........# #.#
########## #.# #.#
#.# #.#


You could see a worker ant and a rat.

Vanquished Creatures
  Ijyb (D:2)
  3 adders
  2 worms (D:2)
  2 dart slugs (D:1)
  An orc (D:3)
  A ball python (D:2)
  3 bat zombies (D:2)
  2 giant cockroaches (D:2)
  6 goblins
  4 hobgoblins
  A quokka (D:2)
  6 bats
  A giant newt (D:2)
  2 kobolds
  6 rats
  A rat zombie (D:2)
42 creatures vanquished.

Notes
Turn   | Place    | Note
-------+----------+-------------------------------------------
     0 | D:1      | Goblin1989 the Vine Stalker Assassin began the quest for the Orb.
     0 | D:1      | Reached XP level 1. HP: 11/11 MP: 2/2
   122 | D:1      | Reached skill level 5 in Stealth
   157 | D:1      | Reached XP level 2. HP: 10/15 MP: 3/3
   797 | D:2      | Noticed Ijyb
   808 | D:2      | Killed Ijyb
   808 | D:2      | Reached XP level 3. HP: 18/18 MP: 4/4
   823 | D:2      | Reached XP level 4. HP: 8/23 MP: 2/5
   988 | D:2      | Found an ancient bone altar of Kikubaaqudgha.
  1438 | D:3      | Reached skill level 6 in Stealth
  1498 | D:3      | HP: 1/23 [worker ant (1)]
  1500 | D:3      | Succumbed to a worker ant's poison

Vault maps used:
D:1:      dpeg_arrival_round_c, interstate_on_off
D:2:      lemuel_zombie_altar_kikubaaqudgha, uniq_iyjb
D:3:      uniq_jessica

Skill      XL: |  1  2  3  4 |
---------------+-------------+-----
Short Blades   | 2 3 |  3.6
Stealth        | 5 6 |  6.0
Fighting       | |  1.7
Throwing       | |  1.7
Dodging        | |  0.7

Action                   |  1- 3 |  4- 6 || total
-------------------------+-------+-------++-------
Melee: Dagger            |    70 |    86 ||   156
       Bite              |    13 |    26 ||    39
  Use: Potion            |       |     4 ||     4
 Stab: Sleeping          |     2 |     1 ||     3
  Eat: Chunk             |       |     1 ||     1
Armor: Robe              |     3 |       ||     3
       Ring mail         |    21 |    39 ||    60
Dodge: Dodged            |    31 |    33 ||    64
